 Dungeon Crawl Stone Soup version 0.26.0-15-gc6cd9f700b (webtiles) character file.

Game seed: 6066008746322671114

23 Jerry the Shield-Bearer (level 2, -1/29 HPs)
             Began as a Troll Fighter on Jan 16, 2021.
             Slain by a hobgoblin (7 damage)
             ... led by Robin
             ... on level 2 of the Dungeon.
             The game lasted 00:01:54 (827 turns).

Jerry the Shield-Bearer (Troll Fighter)              Turns: 827, Time: 00:01:54

Health: -1/29      AC:  6    Str: 23    XL:     2   Next: 72%
Magic:  1/1        EV:  8    Int:  4    God:
Gold:   54         SH:  8    Dex:  9    Spells: 1/1 levels left

rFire    . . .     SeeInvis .   a - +0 flail
rCold    . . .     Faith    .   c - +0 kite shield
rNeg     . . .     Spirit   .   b - +0 robe
rPois    .         Reflect  .   (helmet restricted)
rElec    .         Harm     .   (no cloak)
rCorr    .         Rampage  .   (gloves unavailable)
Will     .....                  (boots unavailable)
Stlth    +.........             (no amulet)
HPRegen  0.49/turn              (no ring)
MPRegen  0.07/turn              (no ring)

@: no status effects
A: large, unfitting armour, claws 3, regeneration 1, shaggy fur 1, tough skin 3
a: no special abilities


You were on level 2 of the Dungeon.
You visited 1 branch of the dungeon, and saw 2 of its levels.

You collected 54 gold pieces.

Inventory:

Hand Weapons
 a - a +0 flail (weapon)
Missiles
 j - 6 curare-tipped darts (quivered)
Armour
 b - a +0 robe (worn)
 c - a +0 kite shield (worn)
Scrolls
 e - a scroll of enchant weapon {unknown}
 f - 2 scrolls of identify {unknown}
 i - a scroll of teleportation {unknown}
 k - a scroll of amnesia {unknown}
 l - a scroll of fog {unknown}
Potions
 d - a potion of might
 g - 2 potions of curing {unknown}
 h - a potion of heal wounds {unknown}


   Skills:
 + Level 2.7 Fighting
 + Level 2.2 Maces & Flails
 - Level 2.4 Dodging
 + Level 2.7 Shields


You had one spell level left.
You didn't know any spells.
Your spell library was empty.

Dungeon Overview and Level Annotations

Branches:
Dungeon (2/15)

Altars:
Dithmenos

Annotations:
D:2 Robin


Innate Abilities, Weirdness & Mutations

You are too large for most types of armour.
You have claws for hands.
Your natural rate of healing is unusually fast.
You are covered in fur. (AC +1)
You have extremely tough skin. (AC +3)


Message History

The goblin goes into a battle-frenzy!
The hobgoblin hits you with a +0 club. You block the hobgoblin's attack.
The goblin hits you. The goblin hits you but does no damage.
You closely miss the goblin. You block the goblin's attack.
The goblin hits you but does no damage. The goblin barely misses you.
The hobgoblin hits you. You block the hobgoblin's attack.
The goblin closely misses you. You block the goblin's attack.
Your shield prevents you from hitting the goblin.
You block the goblin's attack. The goblin hits you with a +0 club.
The hobgoblin hits you but does no damage.
The goblin hits you but does no damage.
The hobgoblin hits you but does no damage.
You block the goblin's attack.
You thump the goblin!
You kill the goblin!
The goblin barely misses you. The goblin hits you with a +0 dagger.
The hobgoblin hits you with a +0 club.
* * * LOW HITPOINT WARNING * * *
You block the goblin's attack. The hobgoblin hits you!
You die...

# #>##.# #. #.##.#
# #.##########.##.#
#......#..........#
#. #.........####
###.####...#######
#...J.##...#
###...gg##...#
.g.g.gg@g...##
.##...gg###.#
#....g# #.# ###.###
#.# #. #.# .. #.#
#. #.# .. .#


You could see Robin, an ooze, 4 hobgoblins and 5 goblins.

Vanquished Creatures
  A ball python (D:1)
  4 giant cockroaches (D:1)
  A goblin (D:2)
  3 hobgoblins
  7 bats (D:1)
  2 frilled lizards (D:1)
  2 kobolds (D:1)
  4 rats (D:1)
24 creatures vanquished.

Notes
Turn   | Place    | Note
-------+----------+-------------------------------------------
     0 | D:1      | Jerry the Troll Fighter began the quest for the Orb.
     0 | D:1      | Reached XP level 1. HP: 22/22 MP: 0/0
   169 | D:1      | Reached XP level 2. HP: 28/29 MP: 1/1
   814 | D:2      | Found a shadowy altar of Dithmenos.
   818 | D:2      | Noticed Robin
   827 | D:2      | Slain by a hobgoblin

Illustrated notes

Levels and vault maps discovered:
D:1:      dpeg_arrival_simpleton_b, layout_loops_ring, minmay_crystal_room,
          item_on_display_b
D:2:      layout_loops_ring, nicolae_overflow_crystal_walls,
          nicolae_ashenzari_panopticon, grunt_ministairs_14,
          uniq_crazy_yiuf_cottage, uniq_robin

Skill      XL: |  1 |
---------------+----+-----
Maces & Flails | 2 |  2.2
Fighting       | |  2.7
Dodging        | |  2.4
Shields        | |  2.7

Action                   || total
-------------------------++-------
Melee: Flail             ||    77
Armor: Robe              ||    54
Dodge: Dodged            ||    53
Block: Kite shield       ||    63
